 Dungeon Crawl Stone Soup version 0.24.0-125-gc4c63601f3 (webtiles) character file.

Game seed: 16810668472816726634, levelgen mode: deterministic

326 Frank2 the Cudgeler (level 6, -4/46 HPs)
             Began as a Demonspawn Gladiator on Mar 22, 2020.
             Slain by an orc
             ... wielding a +0 trident
              (6 damage)
             ... on level 3 of the Dungeon.
             The game lasted 00:03:47 (2067 turns).

Frank2 the Cudgeler (Demonspawn Gladiator)          Turns: 2067, Time: 00:03:48

Health: -4/46      AC: 11    Str: 14    XL:     6   Next: 24%
Magic:  6/6        EV:  7    Int:  9    God:
Gold:   187        SH:  0    Dex: 17    Spells: 5/5 levels left

rFire    . . .     SeeInvis +   l - +0 morningstar
rCold    . . .     Gourm    .   (no shield)
rNeg     . . .     Faith    .   r - +0 chain mail
rPois    .         Spirit   .   c - +0 helmet
rElec    .         Reflect  .   (no cloak)
rCorr    .         Harm     .   u - +0 pair of gloves
MR       .....                  (no boots)
Stlth    ..........             (no amulet)
HPRegen  0.15/turn              t - ring of see invisible
MPRegen  0.10/turn              (no ring)

@: no status effects
A: talons 1
a: no special abilities


You were on level 3 of the Dungeon.
You were very hungry.

You visited 1 branch of the dungeon, and saw 3 of its levels.

You collected 187 gold pieces.

Inventory:

Hand Weapons
 l - a +0 morningstar (weapon)
Missiles
 i - a throwing net (quivered)
Armour
 c - a +0 helmet (worn)
 o - a +1 buckler of cold resistance
 r - a +0 chain mail (worn)
 u - a +0 pair of gloves (worn)
Jewellery
 t - a ring of see invisible (left hand)
Wands
 d - a wand of paralysis (2)
Scrolls
 e - 3 scrolls of teleportation
 j - 2 scrolls of magic mapping {unknown}
 k - a scroll of amnesia
Potions
 b - a potion of resistance {unknown}
 g - a potion of curing
 h - a potion of heal wounds {unknown}
 m - a potion of cancellation {unknown}
 n - 2 potions of haste {unknown}
 q - a potion of lignification {unknown}
 s - a potion of degeneration {unknown}
Comestibles
 f - 5 rations


   Skills:
 + Level 2.8 Fighting
 + Level 5.0 Maces & Flails
 - Level 1.7 Throwing
 + Level 2.2 Armour
 + Level 3.5 Dodging


You had 5 spell levels left.
You didn't know any spells.
Your spell library was empty.

Dungeon Overview and Level Annotations

Branches:
Dungeon (3/15)

Altars:
Nemelex Xobeh
Sif Muna


Innate Abilities, Weirdness & Mutations

You have sharp toenails.


Message History

The orc wizard gestures wildly while chanting.
The orc wizard blinks!
The orc hits you but does no damage.
You closely miss the orc priest.
The orc priest is severely wounded.
The orc priest completely misses you. The orc hits you but does no damage.
You hit the orc priest.
You claw the orc priest, but do no damage.
The orc priest is almost dead.
The orc priest calls down the wrath of Beogh upon you.
Beogh smites you!
The orc hits you from afar with a +0 trident.
The orc priest invokes the aid of Beogh against you.
Beogh smites you!
* * * LOW HITPOINT WARNING * * *
Your chain mail prevents you from hitting the orc priest.
You claw the orc priest.
You kill the orc priest!
Your Maces & Flails skill increases to level 5!
The orc hits you from afar with a +0 trident.
You die...

#.# .# .. . # ..##. .# ## ...
#.# . .. .S.... #.##.##o#.#
.......)o.# #.##.##@#
######## #......)# #......#
.###.##.# #.#....# .###.##)#
###..###.###
....>.........#####.)..#
#....
.....#######.......#..###.###
....# #.####..#.#....# #...#
#.####..#......# #...#
#.#.....########


You could see an orc wizard, an adder and an orc.

Vanquished Creatures
  A centaur (D:3)
  2 orc priests (D:3)
  An iguana (D:2)
  Ijyb (D:3)
  Robin (D:3)
  4 adders
  An ooze (D:2)
  6 dart slugs
  3 leopard geckos
  4 orcs (D:3)
  2 giant cockroaches (D:3)
  16 goblins
  8 hobgoblins
  3 jackals
  2 quokkas
  3 ball pythons
  6 bats
  6 frilled lizards
  4 kobolds
  5 rats
79 creatures vanquished.

Notes
Turn   | Place    | Note
-------+----------+-------------------------------------------
     0 | D:1      | Frank2 the Demonspawn Gladiator began the quest for the
                  | Orb.
     0 | D:1      | Reached XP level 1. HP: 16/16 MP: 1/1
   123 | D:1      | Reached skill level 3 in Maces & Flails
   123 | D:1      | Gained mutation: You have sharp toenails. [demonic
                  | ancestry]
   123 | D:1      | Reached XP level 2. HP: 15/22 MP: 2/2
   386 | D:1      | Reached XP level 3. HP: 27/27 MP: 3/3
   704 | D:2      | Found a sparkling altar of Nemelex Xobeh.
  1081 | D:2      | Reached XP level 4. HP: 33/33 MP: 4/4
  1219 | D:2      | Reached skill level 4 in Maces & Flails
  1219 | D:2      | Reached skill level 1 in Armour
  1485 | D:3      | Noticed a centaur
  1491 | D:3      | Killed a centaur
  1491 | D:3      | Reached XP level 5. HP: 23/39 MP: 5/5
  1759 | D:3      | Noticed Ijyb
  1773 | D:3      | Paralysed by Ijyb for 4 turns
  1783 | D:3      | Paralysed by Ijyb for 7 turns
  1798 | D:3      | Paralysed by Ijyb for 3 turns
  1801 | D:3      | Killed Ijyb
  1829 | D:3      | Found a shimmering blue altar of Sif Muna.
  1884 | D:3      | Noticed Robin
  1890 | D:3      | Reached XP level 6. HP: 45/46 MP: 6/6
  1907 | D:3      | Killed Robin
  2066 | D:3      | HP: 2/46 [orc priest/divine providence (14)]
  2067 | D:3      | Reached skill level 5 in Maces & Flails
  2067 | D:3      | Slain by an orc

Levels and vault maps discovered:
D:1:      roderic_crossed_star, layout_basic
D:2:      layout_rooms, lemuel_doored_altar, first_ration
D:3:      layout_loops_cross, nicolae_overflow_crystal_walls, uniq_robin,
          uniq_ijyb, uniq_natasha

Skill      XL: |  1  2  3  4  5  6 |
---------------+-------------------+-----
Maces & Flails | 3 4 5 |  5.0
Dodging        | 3 |  3.5
Armour         | 1 2 |  2.2
Fighting       | |  2.8
Throwing       | |  1.7

Action                   |  1- 3 |  4- 6 || total
-------------------------+-------+-------++-------
Melee: Flail             |    97 |    88 ||   185
       Kick              |    17 |    48 ||    65
       Morningstar       |       |    51 ||    51
Throw: Throwing net      |     3 |     5 ||     8
  Use: Potion            |     1 |       ||     1
       Scroll            |       |     7 ||     7
 Stab: Held in net/web   |       |     2 ||     2
  Eat: Chunk             |       |     3 ||     3
Armor: Leather armour    |    17 |       ||    17
       Chain mail        |    14 |   104 ||   118
Dodge: Dodged            |    81 |    70 ||   151
